 Dungeon Crawl Stone Soup version 0.24-a0-584-g9d6b971ae4 (webtiles) character file.

Game seed: 12470612350346909734, levelgen mode: deterministic

14 Mithandil the Skirmisher (level 2, -2/24 HPs)
             Began as a Demonspawn Abyssal Knight on Sept 4, 2019.
             Was a Follower of Lugonu.
             Slain by a goblin
             ... wielding a +0 dagger
              (3 damage)
             ... on level 1 of the Dungeon.
             The game lasted 00:03:49 (353 turns).

Mithandil the Skirmisher (Demonspawn Abyssal Knight) Turns: 353, Time: 00:03:50

Health: -2/24      AC:  3    Str: 14    XL:     2   Next: 31%
Magic:  3/3        EV: 11    Int: 13    God:    Lugonu [*.....]
Gold:   12         SH:  0    Dex: 12    Spells: 1/1 levels left

rFire    . . .     SeeInvis .   a - +1 falchion
rCold    . . .     Gourm    .   (no shield)
rNeg     . . .     Faith    .   b - +0 leather armour
rPois    .         Spirit   .   (no helmet)
rElec    .         Reflect  .   (no cloak)
rCorr    .         Harm     .   (no gloves)
MR       .....                  (no boots)
Stlth    ++........             (no amulet)
HPRegen  0.08/turn              (no ring)
MPRegen  0.08/turn              (no ring)

@: no status effects
A: nightstalker 1, strong 1, MP-powered wands
a: Depart the Abyss, Renounce Religion


You were on level 1 of the Dungeon.
You worshipped Lugonu.
Lugonu was aware of your devotion.
You were not hungry.

You visited 1 branch of the dungeon, and saw 3 of its levels.
You visited the Abyss 1 time.

You collected 12 gold pieces.

Inventory:

Hand Weapons
 a - a +1 falchion (weapon)
Missiles
 e - 48 stones (quivered)
 f - 21 sling bullets
 j - 18 bolts
Armour
 b - a +0 leather armour (worn)
 g - a +0 scale mail
Scrolls
 h - a scroll of remove curse {unknown}
 i - 2 scrolls of fog {unknown}
Potions
 k - a potion of heal wounds
Comestibles
 c - 3 rations
 d - 5 chunks of flesh


   Skills:
 + Level 3.0 Fighting
 * Level 2.0 Long Blades
 + Level 1.9 Armour
 + Level 1.0 Dodging
 + Level 0.3 Stealth
 + Level 0.4 Unarmed Combat
 + Level 2.5 Invocations


You had one spell level left.
You didn't know any spells.
Your spell library was empty.

Dungeon Overview and Level Annotations

Branches:
Dungeon (3/15)

Altars:


Innate Abilities, Weirdness & Mutations

You are slightly more attuned to the shadows.
Your muscles are strong. (Str +2)
You expend magic power (3 MP) to strengthen your wands.


Message History

The frilled lizard is heavily wounded.
The leopard gecko bites you. The frilled lizard barely misses you.
The goblin hits you but does no damage. The leopard gecko bites you.
You barely miss the frilled lizard.
The frilled lizard is heavily wounded.
The frilled lizard bites you. The leopard gecko bites you.
* * * LOW HITPOINT WARNING * * *
The goblin hits you with a +0 dagger.
* * * LOW HITPOINT WARNING * * *
You hit the frilled lizard.
You kill the frilled lizard!
Lugonu accepts your kill.
The leopard gecko completely misses you.
The goblin misses you. The leopard gecko misses you.
You riposte.
You barely miss the leopard gecko. You miss the leopard gecko.
The goblin barely misses you. The leopard gecko bites you.
* * * LOW HITPOINT WARNING * * *
The goblin hits you with a +0 dagger.
You die...

....#..# ## #....... ...
#......##.## #..........
#........ > #...g.l# ..
## #....@.###... ..
#.....##........#.####
#.....#..#...........#
#.......##...........#
#.....####...........#
###...................#
#......####...........#
#.#.##.####............
##.#.##.................


You could see a leopard gecko and a goblin.

Vanquished Creatures
  4 giant cockroaches
  2 hobgoblins (D:1)
  A kobold (D:1)
  3 bats (D:1)
  A frilled lizard (D:1)
  3 rats
14 creatures vanquished.

Notes
Turn   | Place    | Note
-------+----------+-------------------------------------------
     0 | Abyss:1  | Mithandil the Demonspawn Abyssal Knight began the quest for
                  | the Orb.
     0 | Abyss:1  | Reached XP level 1. HP: 18/18 MP: 2/2
    66 | Abyss:1  | Noticed a small abomination
    86 | Abyss:1  | Noticed a starcursed mass
    87 | D:1      | Escaped the Abyss
   133 | D:1      | Reached * piety under Lugonu
   170 | D:1      | Reached skill level 1 in Dodging
   192 | D:1      | Gained mutation: You are slightly more attuned to the
                  | shadows. [demonic ancestry]
   192 | D:1      | Reached XP level 2. HP: 24/24 MP: 3/3
   280 | D:1      | Gained mutation: You are dopey. (Int -2) [potion of
                  | mutation]
   280 | D:1      | Gained mutation: You expend magic power (3 MP) to
                  | strengthen your wands. [potion of mutation]
   334 | D:1      | Lost mutation: You expend magic power (3 MP) to strengthen
                  | your wands. [potion of mutation]
   334 | D:1      | Lost mutation: You are dopey. (Int -2) [potion of mutation]
   334 | D:1      | Gained mutation: Your muscles are strong. (Str +2) [potion
                  | of mutation]
   334 | D:1      | Gained mutation: You expend magic power (3 MP) to
                  | strengthen your wands. [potion of mutation]
   353 | D:1      | HP: 1/24 [leopard gecko (1)]
   353 | D:1      | Slain by a goblin

Levels and vault maps discovered:
D:1:      dpeg_arrival_tiny_i, layout_rooms
D:2:      layout_loops_ring, chequers_temple_overflow_minitemple
D:3:      layout_basic

Skill      XL: |  1  2 |
---------------+-------+-----
Dodging        | 1 |  1.0
Long Blades    | 2 |  2.0
Fighting       | |  3.0
Armour         | |  1.9
Stealth        | |  0.3
Unarmed Combat | |  0.4
Invocations    | |  2.5

Action                   || total
-------------------------++-------
Melee: Falchion          ||    50
Invok: Depart the Abyss  ||     1
  Use: Potion            ||     3
 Stab: Sleeping          ||     1
Armor: Leather armour    ||    17
       Scale mail        ||     4
Dodge: Dodged            ||    50
       Rpst.: Falchion   ||    19

Table legend:
 A = Non-vault XP
 B = Vault XP
 C = Vault XP percentage of total XP
 D = Non-vault monster count
 E = Vault monster count
 F = Vault count percentage of total count
                 A         B        C        D         E       F
            +---------+---------+-------+---------+---------+-------
      Total |      21 |       0 |   0.0 |      14 |       0 |   0.0
            +---------+---------+-------+---------+---------+-------
        D:1 |      18 |       0 |   0.0 |      12 |       0 |   0.0
        D:2 |       1 |       0 |   0.0 |       1 |       0 |   0.0
        D:3 |       2 |       0 |   0.0 |       1 |       0 |   0.0
            +---------+---------+-------+---------+---------+-------
